 Dungeon Crawl Stone Soup version 0.30-a0-462-gd5975efbca (webtiles) character file.

Game seed: 17158508642375216566

138 NinjaNoafa the Magician (level 5, -8/39 HPs)
             Began as a Djinni Conjurer on Dec 16, 2022.
             Mangled by an orc warrior
             ... wielding a +0 dire flail
              (17 damage)
             ... on level 5 of the Dungeon.
             The game lasted 00:02:47 (1804 turns).

NinjaNoafa the Magician (Djinni Conjurer)           Turns: 1804, Time: 00:02:48

Health: -8/39      AC:  2    Str:  6    XL:     5   Next: 45%
Gold:   1          EV: 12    Int: 22    God:
                   SH:  0    Dex: 11

rFire   + . .      SeeInvis .    (no weapon)
rCold   . . .      Faith    .    (no shield)
rNeg    . . .      Spirit   .    a - +0 robe
rPois   ∞          Reflect  .    (no helmet)
rElec   .          Harm     .    (no cloak)
rCorr   .          Rampage  .    (no gloves)
Will    .....                    (boots unavailable)
Stlth   ++........               (no amulet)
HPRegen 0.26/turn                j - ring of ice
MPRegen 0.00/turn                (no ring)

@: attractive, flying, invisible
A: sickness immunity, fire resistance 2, cold vulnerability 1, float, innate
caster, HP casting, extra vitality 1
a: no special abilities


You were on level 5 of the Dungeon.
You visited 1 branch of the dungeon, and saw 4 of its levels.

You collected 131 gold pieces.
You spent 130 gold pieces at shops.

Inventory:

Missiles
 b - 13 stones
 i - 4 javelins
Armour
 a - a +0 robe (worn)
Jewellery
 j - a ring of ice (left hand)
Wands
 n - a wand of flame (7)
Scrolls
 d - a scroll of identify {unknown}
 f - a scroll of fear {unknown}
 g - 2 scrolls of amnesia {unknown}
 k - a scroll of teleportation {unknown}
 l - a scroll of torment {unknown}
 o - a scroll of blinking {unknown}
Potions
 h - a potion of berserk rage {unknown}
 m - a potion of curing {unknown}


   Skills:
 + Level 2.4 Fighting
 - Level 2.1 Dodging
 - Level 1.5 Stealth
 * Level 4.5 Spellcasting


You couldn't memorise any spells.
You knew the following spells:

 Your Spells              Type           Power      Damage    Failure   Level
a - Magic Dart            Conj           96%        1d7       1%          1
b - Searing Ray           Conj           48%        2d6       2%          2
c - Dazzling Flash        Conj/Hex       48%        N/A       4%          3
d - Fulminant Prism       Conj/Hex       12%        3d8       17%         4
e - Iskenderun's Mystic   Conj/Tloc      24%        2d7       17%         4
f - Kiss of Death         Conj/Necr      96%        2d12      1%          1
g - Call Imp              Summ           24%        N/A       2%          2
Your spell library was empty.

Dungeon Overview and Level Annotations

Branches:
Dungeon (3/15)

Altars:

Shops:
D:2 *


Innate Abilities, Weirdness & Mutations

You are immune to sickness and miasma.
You are immune to poison.
Your flesh is very heat resistant. (rF++)
You are vulnerable to cold. (rC-)
You float through the air rather than walking.
You learn spells naturally, not from books.
Your magical power is your life essence.
You have superior vitality. (+4 MHP)


Message History

Found a cloak.
An orc warrior comes into view. It is wielding a +0 dire flail.
The magic dart hits the orc warrior but does no damage.
The orc warrior shouts!
An orc comes into view. It is wielding a +0 club.
Okay, then.
An orc comes into view. It is wielding a +0 hand axe.
Casting: Magic Dart (safe; 1% risk of failure)
Confirm with . or Enter, or press ? or * to list all spells.
Aiming: Searing Ray (safe; 2% risk of failure)
Press: ? - help, Shift-Dir - straight line, f/p - orc warrior
Aim: an orc warrior, wielding a +0 dire flail and wearing a +0 chain mail (77% to hit)
The searing ray misses the orc warrior. (Press . to maintain the ray.)
The orc shouts!
The orc warrior hits you with a +0 dire flail!
Casting: Searing Ray (safe; 2% risk of failure)
Confirm with . or Enter, or press ? or * to list all spells.
Aiming: Searing Ray (safe; 2% risk of failure)
Press: ? - help, Shift-Dir - straight line, f/p - orc warrior
Aim: an orc warrior, wielding a +0 dire flail and wearing a +0 chain mail (77% to hit)
The searing ray hits the orc warrior!
The orc warrior is moderately wounded. (Press . to maintain the ray.)
The orc warrior misses you.
The searing ray hits the orc warrior.
The orc warrior is moderately wounded.
The orc warrior hits you with a +0 dire flail!
* * * LOW HITPOINT WARNING * * *
The orc hits you with a +0 club.
* * * LOW HITPOINT WARNING * * *
Okay, then.
It was a potion of attraction.
You feel attractive to monsters. The orc warrior misses you.
The orc closely misses you. The orc is attracted toward you.
It was a potion of invisibility.
You fade into invisibility!
The orc warrior hits you with a +0 dire flail!
You die...

##############
#....#.......#
#............#
#...........##
#.......o....#
#.......o@...#
#.....§o.....# .
#....##.....##
o.. #....########
.....##....##..
...[..o.........
................
.................
..##.##...###....


You could see an orc warrior (unable to see you) and 2 orcs.

Vanquished Creatures
  An ogre (D:2)
  An adder (D:2)
  2 dart slugs (D:2)
  2 bats (D:2)
  2 endoplasms (D:2)
  4 goblins
  3 hobgoblins
  3 jackals (D:2)
  A quokka (D:2)
  5 ball pythons
  2 kobolds
  7 rats
33 creatures vanquished.

Vanquished Creatures (collateral kills)
  An adder (D:2)
  A giant cockroach (D:2)
2 creatures vanquished.

Grand Total: 35 creatures vanquished

Notes
Turn   | Place    | Note
-------+----------+-------------------------------------------
     0 | D:1      | NinjaNoafa the Djinni Conjurer began the quest for the Orb.
     0 | D:1      | NinjaNoafa set off with the following spells memorised:
                  | Magic Dart, Searing Ray, Dazzling Flash, Fulminant Prism,
                  | Iskenderun's Mystic Blast.
     0 | D:1      | Reached XP level 1. HP: 15/15 MP: 0/0
   247 | D:1      | Reached XP level 2. HP: 21/22 MP: 0/0
   711 | D:2      | Reached skill level 1 in Fighting
   774 | D:2      | Reached XP level 3. HP: 19/27 MP: 0/0
   774 | D:2      | Learned a level 1 spell: Kiss of Death
   873 | D:2      | Noticed an ogre
   879 | D:2      | Killed an ogre
   880 | D:2      | Reached skill level 4 in Spellcasting
   880 | D:2      | Reached XP level 4. HP: 28/33 MP: 0/0
   880 | D:2      | Reached XP level 5. HP: 32/38 MP: 0/0
   880 | D:2      | Learned a level 2 spell: Call Imp
  1570 | D:2      | Found Kutyih's Assorted Antiques.
  1574 | D:2      | Bought a scroll labelled ACAQYA IJUST for 26 gold pieces
  1574 | D:2      | Bought a tapered fluorescent wand for 104 gold pieces
  1782 | D:3      | You are sucked into a shaft and drop 2 floors!
  1782 | D:5      | Entered Level 5 of the Dungeon
  1784 | D:5      | Noticed an orc warrior
  1804 | D:5      | Mangled by an orc warrior

Illustrated notes

Levels and vault maps discovered:
D:1:      onia_arrival_handbag, layout_loops_ring, corexii_corridor_pit
D:2:      layout_basic, serial_shops, nicolae_shop_trees
D:3:      cheibrodos_helix_gallery, layout_basic, serial_co_window_serial,
          co_window_paths_b, co_window_paths_b, co_window_paths_a,
          co_window_paths_b, co_window_paths_a, co_window_of_opportunity_a,
          co_window_paths_a, co_window_of_opportunity_a, co_window_paths_a,
          co_window_unsneaky_path_b, co_window_broadway_b, co_window_corner_b,
          co_window_corner_b, co_window_2corner, co_window_paths_e,
          glass_columns_a, glass_columns_a, glass_columns_a, uniq_natasha,
          uniq_ijyb, uniq_jessica, uniq_crazy_yiuf_cottage
D:5:      layout_gridville, nicolae_gozag_seed_capital

Skill      XL: |  1  2  3 |
---------------+----------+-----
Fighting       | 1 2 |  2.4
Spellcasting   | 4 |  4.5
Dodging        | |  2.1
Stealth        | |  1.5

Action                   |  1- 3 |  4- 6 || total
-------------------------+-------+-------++-------
 Cast: Magic Dart        |    39 |    17 ||    56
       Searing Ray       |     2 |     2 ||     4
       Call Imp          |       |     2 ||     2
  Use: Potion            |       |     2 ||     2
Dodge: Dodged            |     2 |     6 ||     8

Table legend: (Time is in decaauts)
 A = Elapsed time spent in this place.
 B = Non-inter-level travel time spent in this place.
 C = Inter-level travel time spent in this place.
 D = Time resting spent in this place.
 E = Time spent auto-exploring this place.
 F = Levels seen in this place.
 G = Mean time per level.
                   A        B        C        D        E       F      G
               +--------+--------+--------+--------+--------+-----+--------+
         Total |   1802 |   1767 |     35 |      0 |   1593 |   4 |  450.5 |
       Dungeon |   1802 |   1767 |     35 |      0 |   1593 |   4 |  450.5 |
               +--------+--------+--------+--------+--------+-----+--------+

Top non-repeatable levels by time:
     D:2: 1075 daAuts
     D:1: 706 daAuts
     D:5: 21 daAuts
